 Dungeon Crawl Stone Soup version 0.16.2-12-gd0ad4c3 (webtiles) character file.

16 popsofctown the Conjurer (level 2, -5/15 HPs)
             Began as a Tengu Conjurer on Sept 25, 2015.
             Slain by Crazy Yiuf
             ... wielding a +4 quarterstaff of chaos
              (14 damage)
             ... on level 2 of the Dungeon.
             The game lasted 00:02:58 (1120 turns).

popsofctown the Conjurer (Tengu Conjurer)           Turns: 1120, Time: 00:02:59

Health: -5/15      AC:  3    Str:  8    XL:     2   Next: 54%
Magic:  4/5        EV: 12    Int: 15    God:
Gold:   75         SH:  0    Dex: 14    Spells: 2 memorised, 2 levels left

rFire  . . .     SeeInvis .     (no weapon)
rCold  . . .     Clarity  .     a - +0 robe
rNeg   . . .     SustAb   .     (no shield)
rPois  .         Gourm    .     (helmet restricted)
rElec  .         Spirit   .     (no cloak)
rCorr  .         Warding  .     l - +0 pair of gloves
rMut   .         Stasis   .     (boots unavailable)
MR     .....                    (no amulet)
Stlth  +.........               g - ring of wizardry
                                f - ring of flight

@: confused, very slightly contaminated, invisible (expiring), not resistant to
hostile enchantments, very unstealthy
A: beak, talons 3
a: Evoke Flight


You were on level 2 of the Dungeon.
You were very hungry.

You visited 1 branch of the dungeon, and saw 2 of its levels.

You collected 75 gold pieces.

Inventory:

Armour
 a - a +0 robe (worn)
 l - a +0 pair of gloves (worn)
Jewellery
 f - a ring of flight (left hand)
 g - a ring of wizardry (right hand)
Scrolls
 d - a scroll of blinking {unknown}
Books
 c - a book of Conjurations

   Spells                             Type                      Level
   a - Magic Dart                     Conjuration                  1
   b - Searing Ray                    Conjuration                  2
   c - Dazzling Spray                 Conjuration/Hexes            3
   d - Fulminant Prism                Conjuration/Hexes            4
   e - Iskenderun's Mystic Blast      Conjuration                  4
   f - Iskenderun's Battlesphere      Conjuration/Charms           5
Miscellaneous
 k - a plain deck of wonders
Comestibles
 b - a bread ration
 h - 2 meat rations


   Skills:
 - Level 2.1 Dodging
 - Level 2.0 Stealth
 + Level 2.2 Spellcasting
 * Level 6.0 Conjurations


You had 2 spell levels left.
You knew the following spells:

 Your Spells              Type           Power        Failure   Level  Hunger
a - Magic Dart            Conj           ###.         1%          1    #......
b - Searing Ray           Conj           ###...       1%          2    ###....


Dungeon Overview and Level Annotations

Branches:
Dungeon (2/15)

Altars:
Nemelex Xobeh

Annotations:
D:2 Crazy Yiuf


Innate Abilities, Weirdness & Mutations

You have a beak for a mouth.
You have claws for feet.


Message History

You resist with significant effort.
You aren't carrying any potions.
You're too confused!
You bump into the closed door.
Crazy Yiuf zaps a wand.
You are more confused.
You bump into the rock wall.
Crazy Yiuf completely misses you.
You bump into the rock wall.
Crazy Yiuf zaps a wand.
You resist with significant effort.
You bump into the rock wall.
You flicker for a moment.
Crazy Yiuf zaps a wand.
You resist with significant effort.
You bump into the rock wall.
Crazy Yiuf screams, "Tosser ena high!"
Crazy Yiuf zaps a wand.
You are more confused.
You bump into the closed door.
Crazy Yiuf whimpers, "Island!
Goober head spinner."
Crazy Yiuf hits you with a quarterstaff of chaos!
Ouch! That really hurt!
You die...

#.# ##♣♣♣♣♣
#######.######...♣.♣♣♣** ***
*#..............P..♣..♣*, **,**
*.#........#....P.♣♣♣♣...
**,,,****#.###.....##.#..♣♣ **#.
*,,,,,,,,,,* #.....#####♣♣ **
**,,,*****,* #........# ***,***
*,* ###g#.#### ,,,,,,* *,* #@#.#
**** *** ***,*<* *,****#+###
*,,***,* ***,,,** *,,,,,,,****
*,,,**,* **,,,,,* *****,,,*≈_*
**,,**,* **,,,,,** **,,,,**,*
**,,,,,,*
**,,,,,,****,,,,,,+,*****,,,,****
,,,,,,,,,,,+,,,,,**,*+,,,,,,,,,,,
,***,,,,****,,,,,*≈_*****,,,,****
,* *,*,** **,,,,**** **,*,*


You could see Crazy Yiuf.

Vanquished Creatures
  A giant gecko (D:1)
  3 bats (D:1)
  4 goblins
  3 kobolds (D:1)
  3 rats
14 creatures vanquished.

Notes
Turn   | Place    | Note
--------------------------------------------------------------
     0 | D:1      | popsofctown, the Tengu Conjurer, began the quest for the Orb.
     0 | D:1      | Reached XP level 1. HP: 10/10 MP: 3/3
   449 | D:1      | Reached XP level 2. HP: 15/15 MP: 3/5
   610 | D:1      | Found a sparkling altar of Nemelex Xobeh.
   704 | D:1      | Reached skill level 6 in Conjurations
   708 | D:1      | Learned a level 2 spell: Searing Ray
  1065 | D:2      | Noticed Crazy Yiuf
  1120 | D:2      | Slain by Crazy Yiuf

Action                   || total
-------------------------++-------
Melee: Unarmed           ||     6
 Cast: Magic Dart        ||    21
       Searing Ray       ||     1
  Use: Scroll            ||     3
       Potion            ||     3
